 Dungeon Crawl Stone Soup version 0.20-a0-454-g2b43fbb (webtiles) character file.

79 HarleyQuinn the Changer (level 4, -3/28 HPs)
             Began as an Octopode Transmuter on Jan 8, 2017.
             Slain by an orc
             ... wielding a +0 flail
              (4 damage)
             ... on level 3 of the Dungeon.
             The game lasted 00:03:13 (2266 turns).

HarleyQuinn the Changer (Octopode Transmuter)       Turns: 2266, Time: 00:03:14

Health: -3/28      AC:  2    Str: 14    XL:     4   Next: 38%
Magic:  4/7        EV: 19    Int: 16    God:
Gold:   145        SH:  0    Dex: 17    Spells: 3/7 levels left

rFire  . . .     SeeInvis .       - Unarmed
rCold  . . .     Gourm    .     (shield currently unavailable)
rNeg   . . .     Faith    .     (helmet currently unavailable)
rPois  x         Spirit   .     d - amulet of regeneration
rElec  .         Reflect  .     (no ring)
rCorr  .         Harm     .     (no ring)
MR     .....                    (no ring)
Stlth  ++........               (no ring)
                                (no ring)
                                (no ring)
                                (no ring)
                                (no ring)

@: mighty, lethally poisoned (-3 -> -4), spider-form (expiring)
A: almost no armour, stealthy swim, (amphibious), 8 rings, (constrict 8),
(camouflage 0), (gelatinous body 0)
a: End Transformation


You were on level 3 of the Dungeon.
You were hungry.
You were a venomous arachnid creature.
You visited 1 branch of the dungeon, and saw 3 of its levels.

You collected 145 gold pieces.

Inventory:

Missiles
 a - 24 arrows
Jewellery
 d - an amulet of regeneration (around neck)
Wands
 o - a wand of disintegration (17/24)
Scrolls
 e - a scroll of noise {unknown}
 h - a scroll of fog {unknown}
 j - a scroll of blinking {unknown}
 k - 2 scrolls of identify {unknown}
 m - 2 scrolls of immolation {unknown}
Potions
 f - a potion of agility {unknown}
 g - a potion of might
 n - a potion of mutation {unknown}
Books
 b - a book of Changes

   Spells                             Type                      Level
   a - Beastly Appendage              Transmutation                1
   b - Sticks to Snakes               Transmutation                2
   c - Spider Form                    Transmutation/Poison         3
   d - Ice Form                       Ice/Transmutation            4
   e - Blade Hands                    Transmutation                5
Comestibles
 c - 2 bread rations
 i - 2 beef jerkies
 l - 2 meat rations


   Skills:
 - Level 1.0 Fighting
 - Level 2.0 Dodging
 - Level 3.0 Unarmed Combat
 - Level 2.0 Spellcasting
 - Level 4.0 Transmutations
 + Level 1.9 Poison Magic


You had 3 spell levels left.
You knew the following spells:

 Your Spells              Type           Power        Failure   Level  Hunger
a - Beastly Appendage     Tmut           ##....       14%         1    #......
b - Spider Form           Tmut/Pois      ##........   41%         3    ###....


Dungeon Overview and Level Annotations

Branches:
Dungeon (3/15)

Altars:
Ru

Annotations:
D:3 HarleyQuinn's ghost, amateur DECj


Innate Abilities, Weirdness & Mutations

You cannot wear most types of armour.
You are very stealthy in the water. (Stealth+)
((You are amphibious.))
You can wear up to eight rings at the same time.
((You can use your tentacles to constrict eight enemies at once.))
((Your skin changes colour to match your surroundings (Stealth+).))
((Your rubbery body absorbs attacks. (AC +1, EV +1)))


Message History

You are too injured to fight recklessly!
You are too injured to fight recklessly!
You are too injured to fight recklessly!
You feel sick. The orc hits you with a flail. The worm completely misses you.
You hit the rat but do no damage.
The rat is poisoned.
You feel sick. The orc misses you. The rat bites you.
You hit the rat but do no damage.
The rat looks even sicker.
The rat is heavily wounded.
You feel sick. The worm bites you!
* * * LOW HITPOINT WARNING * * *
The rat barely misses you.
You hit the rat.
You kill the rat!
The orc hits you with a flail.
* * * LOW HITPOINT WARNING * * *
It was a potion of might.
You feel very mighty all of a sudden.
* * * LOW HITPOINT WARNING * * *
You feel sick. The orc hits you with a flail.
You die...

#.# #######.###
. ..........# .≈
..........# .≈≈
.......)..# ..≈≈
........<.#...≈≈
........o......≈
.......s<.#
.......w..#
..........#
..........#
#..######## #. #


You could see a worm and an orc.

Vanquished Creatures
  Robin (D:2)
  3 adders
  2 leopard geckos
  2 bats
  11 goblins
  6 hobgoblins
  2 jackals (D:1)
  2 frilled lizards (D:1)
  4 kobolds (D:2)
  4 rats
37 creatures vanquished.

Notes
Turn   | Place    | Note
-------+----------+-------------------------------------------
     0 | D:1      | HarleyQuinn the Octopode Transmuter began the quest for the Orb.
     0 | D:1      | Reached XP level 1. HP: 13/13 MP: 3/3
   229 | D:1      | Reached XP level 2. HP: 18/18 MP: 5/5
   317 | D:1      | Reached skill level 3 in Transmutations
   973 | D:2      | Reached XP level 3. HP: 11/23 MP: 6/6
  1298 | D:2      | Learned a level 3 spell: Spider Form
  1559 | D:2      | Noticed Robin
  1568 | D:2      | Killed Robin
  1568 | D:2      | Reached skill level 4 in Transmutations
  1583 | D:2      | Reached XP level 4. HP: 23/28 MP: 7/7
  1796 | D:2      | Found a sacrificial altar of Ru.
  2186 | D:3      | Noticed HarleyQuinn's ghost (amateur DECj)
  2188 | D:3      | Reached skill level 1 in Poison Magic
  2265 | D:3      | HP: 1/28 [orc/flail (4)]
  2266 | D:3      | Slain by an orc

Vault maps used:
D:1:      elethiomel_arrival_quiet, serial_forest, infiniplex_forest_straight_4,
          infiniplex_forest_clump_cross, infiniplex_forest_corner_1,
          infiniplex_forest_lined_3_way, infiniplex_forest_zigzag_1,
          infiniplex_forest_clump_diagonal, infiniplex_forest_lined_2,
          infiniplex_forest_clump_diagonal, infiniplex_forest_end_2
D:2:      nicolae_overflow_hidden_temple, first_bread, uniq_robin
D:3:      zin_purify, elyvilon_altar_3, lemuel_doored_altar, old_standard_altar

Skill      XL: |  1  2  3  4 |
---------------+-------------+-----
Transmutations | 3 4 |  4.0
Poison Magic   | 1 |  1.9
Fighting       | |  1.0
Dodging        | |  2.0
Unarmed Combat | |  3.0
Spellcasting   | |  2.0

Action                   |  1- 3 |  4- 6 || total
-------------------------+-------+-------++-------
Melee: Unarmed           |    76 |    21 ||    97
       Constrict         |    23 |     2 ||    25
       Tentacles         |     9 |       ||     9
       Punch             |     1 |       ||     1
 Cast: Spider Form       |       |     2 ||     2
       Beastly Appendage |       |     1 ||     1
  Use: Potion            |       |     1 ||     1
 Stab: Sleeping          |     4 |     1 ||     5
  Eat: Chunk             |     2 |     2 ||     4
Armor: Skin              |     5 |     1 ||     6
Dodge: Dodged            |    46 |    28 ||    74
